 Dungeon Crawl Stone Soup version 0.30-a0-422-g946f4849ff (webtiles) character file.

Game seed: 13578208041059649641

1624 lunkers the Fortune-Teller (level 9, -7/72 HPs)
             Began as a Meteoran Gladiator on Dec 8, 2022.
             Was a Believer of Nemelex Xobeh.
             Splashed by a jelly's acid (9 damage)
             ... on level 7 of the Dungeon.
             The game lasted 00:13:48 (2486 turns).

lunkers the Fortune-Teller (Meteoran Gladiator)     Turns: 2486, Time: 00:13:49

Health: -7/72      AC:  5    Str: 20    XL:     9   Next: 40%
Magic:  18/18      EV: 13    Int: 10    God:    Nemelex Xobeh [**....]
Gold:   192        SH:  0    Dex: 16    Spells: 8/8 levels left

rFire   . . .      SeeInvis +    a - +0 great sword
rCold   . . .      Faith    .    (shield currently unavailable)
rNeg    . . .      Spirit   .    t - +3 leather armour
rPois   .          Reflect  .    c - +0 helmet
rElec   .          Harm     .    w - +0 cloak
rCorr   .          Rampage  .    f - +0 pair of gloves
Will    +....                    (no boots)
Stlth   +.........               (no amulet)
HPRegen 0.32/turn                l - ring of see invisible
MPRegen 0.16/turn                (no ring)

@: corroded, glowing
A: sense surroundings 2, otherworldly, glowing, explore regen
a: Renounce Religion, Draw Escape, Draw Destruction, Draw Summoning


You were on level 7 of the Dungeon.
You worshipped Nemelex Xobeh.
Nemelex Xobeh was pleased with you.
You visited 1 branch of the dungeon, and saw 8 of its levels.
You also visited: Sewer.

You collected 283 gold pieces.
You spent 91 gold pieces at shops.

Inventory:

Hand Weapons
 a - a +0 great sword (weapon)
 p - a +1 quarterstaff
 r - the +1 war axe "Qutokumin" {vorpal, rElec}
   (You found it on level 8 of the Dungeon)

   It inflicts extra damage upon your enemies.
   rElec:     It insulates you from electricity.
 s - a +2 short sword of freezing
Missiles
 d - 3 throwing nets
 e - a javelin
Armour
 c - a +0 helmet (worn)
 f - a +0 pair of gloves (worn)
 t - a +3 leather armour (worn)
 w - a +0 cloak (worn)
 y - a +0 pair of gloves
Jewellery
 b - a ring of resist corrosion
 l - a ring of see invisible (left hand)
 q - a ring of fire
Scrolls
 g - a scroll of enchant weapon
 i - 3 scrolls of teleportation
 k - a scroll of vulnerability
 m - a scroll of immolation
 A - a scroll of fear
Potions
 h - 2 potions of lignification
 j - 3 potions of flight
 n - 3 potions of mutation
 o - 4 potions of curing
 v - a potion of heal wounds
 z - a potion of berserk rage


   Skills:
 - Level 4.5 Fighting
 + Level 0.0 Long Blades
 - Level 8.0 Staves
 - Level 2.4 Throwing
 - Level 3.6 Dodging
 - Level 11.0 Invocations


You had 8 spell levels left.
You didn't know any spells.
Your spell library contained the following spells:

 Spells                   Type           Power      Damage    Failure   Level
 Necrotise                Necr           0%         1d4       41%         1
 Shock                    Conj/Air       0%         1d3       41%         1
 Dazzling Flash           Conj/Hex       0%         N/A       80%         3
 Ignite Poison            Fire/Tmut/Pois 0%         N/A       80%         3
 Kindle Blastsparks       Fire/Tloc/Air  0%         2d10      80%         3
 Swiftness                Air            0%         N/A       80%         3
 Vampiric Draining        Necr           0%         2d6       80%         3
 Airstrike                Air            0%         2d(0-16)  99%         4
 Agony                    Necr           0%         N/A       100%        5
 Alistair's Intoxication  Tmut/Pois      0%         N/A       100%        5
 Freezing Cloud           Conj/Ice/Air   0%         6-21      100%        5
 Silence                  Hex/Air        0%         N/A       100%        5


Dungeon Overview and Level Annotations

Branches:
Dungeon (8/15) Zot: 2606    Sewer (visited)
 Temple: D:4-7         Lair: D:8-11

Altars:
Cheibriados
Elyvilon
Makhleb
Nemelex Xobeh
Okawaru
Qazlal
Vehumet
Xom
Zin

Shops:
D:5 =   D:6 (

Annotations:
D:3 Terence


Innate Abilities, Weirdness & Mutations

You passively map the area around you.
You are easily found by Zot.
You glow in the dark.
You regain HP and MP as you explore.


Message History

* * * LOW HITPOINT WARNING * * *
The steam dragon breathes steam at you. The ball of steam misses you.
The steam dragon bites you.
* * * LOW HITPOINT WARNING * * *
The steam dragon misses you.
You barely miss the steam dragon.
The steam dragon is almost dead.
The steam dragon barely misses you.
The steam dragon claws you but does no damage.
You closely miss the steam dragon.
The steam dragon is almost dead.
The steam dragon breathes steam at you. The ball of steam hits you!
* * * LOW HITPOINT WARNING * * *
A hound comes into view.
The steam dragon misses you. The steam dragon claws you.
* * * LOW HITPOINT WARNING * * *
You draw a card...
You have drawn Wild Magic.
Sand pours from the steam dragon's front talons.
Waves of light ripple over the hound's body.
The hound seems to slow down.
You feel a surge of magic.
You are engulfed in a cloud of scalding steam.
The steam dragon bites you but does no damage.
The steam dragon closely misses you.
You draw a card...
You have drawn Degeneration.
The steam dragon evaporates and reforms as a jelly!
The jelly twists and deforms.
The hound evaporates and reforms as a river rat!
The river rat twists and deforms.
You are engulfed in a cloud of scalding steam.
You hit the jelly.
Your hands burn!
* * * LOW HITPOINT WARNING * * *
The jelly is heavily wounded.
The jelly barely misses you.
The river rat bites you but does no damage.
The jelly hits you.
* * * LOW HITPOINT WARNING * * *
The acid corrodes you!
You are splashed with acid!
You die...
Your body glows with a rainbow of weird colours and disappears.

, , ..,*, *
*#.......# , ..#
#.......# ,, *, ...
#<....... , ,,
*##.# ####........
* *
##...##......[....
, ,,
..................
, ,
,.........##..###..
* , , .......r##
..# **. ,,
....##.@# ,.## * *
### ##J....# ** *
*#.....# , * * *
..###..# *, * , * *
,.## * ..# * ** .#*
* .. , * ,. , # * *
+ * ,.#* ** , * , ,
+ , * ,


You could see a jelly (misshapen) and a river rat (misshapen).

Vanquished Creatures
  Pikel (D:7)
  Menkaure (D:4)
  An orc warrior (D:6)
  An ice beast (D:5)
  A sky beast (D:6)
  An ogre (D:4)
  2 scorpions
  2 hounds
  A jelly (D:6)
  An orc priest (D:6)
  5 iguanas
  2 orc wizards
  10 adders
  4 river rats (Sewer)
  A shadow imp (D:6)
  3 worms
  5 dart slugs
  18 orcs
  8 endoplasms
  8 giant cockroaches
  4 goblins
  3 hobgoblins
  5 jackals
  6 quokkas
  10 ball pythons
  13 bats
  7 frilled lizards
  7 kobolds
  6 rats
137 creatures vanquished.

Vanquished Creatures (others)
  2 plants (D:3)
2 creatures vanquished.

Grand Total: 139 creatures vanquished

Notes
Turn   | Place    | Note
-------+----------+-------------------------------------------
     0 | D:1      | lunkers the Meteoran Gladiator began the quest for the Orb.
     0 | D:1      | Reached XP level 1. HP: 17/17 MP: 2/2
    19 | D:1      | Noticed a demonspawn zombie
   145 | D:1      | Reached XP level 2. HP: 23/24 MP: 3/3
   262 | D:1      | Reached XP level 3. HP: 24/29 MP: 4/4
   324 | D:2      | Reached skill level 5 in Staves
   357 | D:2      | Found a snail-covered altar of Cheibriados.
   414 | D:2      | Found a faded altar of an unknown god.
   419 | D:2      | Prayed at the altar of an unknown god.
   419 | D:2      | Became a worshipper of Nemelex Xobeh the Trickster
   419 | D:2      | Reached * piety under Nemelex Xobeh
   469 | D:2      | Reached XP level 4. HP: 36/36 MP: 5/5
   551 | D:2      | Reached skill level 1 in Invocations
   692 | D:3      | Reached skill level 2 in Invocations
   701 | D:3      | Reached XP level 5. HP: 40/41 MP: 7/7
   772 | D:3      | Noticed Terence
   840 | D:3      | Received a gift from Nemelex Xobeh
   853 | D:3      | Found a radiant altar of Vehumet.
   859 | D:3      | Found a shimmering altar of Xom.
   859 | D:3      | Found a snail-covered altar of Cheibriados.
   904 | D:3      | Got the Volume of Evolution and Bewitchment
  1059 | D:3      | Reached skill level 3 in Invocations
  1092 | D:3      | Reached XP level 6. HP: 35/48 MP: 9/9
  1203 | D:4      | Noticed an ogre
  1211 | D:4      | Killed an ogre
  1212 | D:4      | Reached skill level 4 in Invocations
  1235 | D:4      | Found a stormy altar of Qazlal.
  1245 | D:4      | Noticed Menkaure
  1251 | D:4      | Killed Menkaure
  1252 | D:4      | Reached skill level 5 in Invocations
  1252 | D:4      | Reached XP level 7. HP: 46/55 MP: 10/12
  1390 | D:4      | Reached ** piety under Nemelex Xobeh
  1406 | D:5      | Entered Level 5 of the Dungeon
  1446 | D:5      | Received a gift from Nemelex Xobeh
  1498 | D:5      | Reached skill level 6 in Invocations
  1510 | D:5      | Reached skill level 7 in Invocations
  1510 | D:5      | Reached XP level 8. HP: 28/61 MP: 12/14
  1515 | D:5      | Found Jisytelu's Jewellery Boutique.
  1560 | D:5      | Found a white marble altar of Elyvilon.
  1569 | D:5      | You fall into a shaft and drop 3 floors!
  1614 | D:8      | Identified the +1 war axe "Qutokumin" {vorpal, rElec}
  1671 | D:7      | Noticed Pikel
  1690 | D:7      | Killed Pikel
  1691 | D:7      | Reached skill level 10 in Invocations
  1745 | D:7      | Gained mutation: You passively map the area around you.
                  | [Meteoran growth]
  1745 | D:7      | Reached XP level 9. HP: 66/68 MP: 17/17
  1882 | D:6      | Found a glowing silver altar of Zin.
  1946 | D:6      | Found an iron altar of Okawaru.
  2014 | D:6      | Found a burning altar of Makhleb.
  2033 | D:6      | Found a glowing drain.
  2037 | Sewer    | Entered a sewer
  2255 | Sewer    | Reached skill level 11 in Invocations
  2431 | D:6      | Found Jycyteduci's Weapon Boutique.
  2438 | D:6      | Bought a +0 great sword for 91 gold pieces
  2486 | D:7      | HP: 3/72 [acid (2)]
  2486 | D:7      | Splashed by a jelly's acid

Illustrated notes

Levels and vault maps discovered:
D:1:      shiori_arrival_whats_in_store_for_you, layout_basic
D:2:      layout_basic, ebering_ecumenical_altar_box, basic_altar,
          minmay_domino_2
D:3:      minmay_wonky_spiral, layout_basic,
          gammafunk_temple_overflow_forgotten, hangedman_decor_push,
          uniq_terence
D:4:      layout_loops_cross, mainiacjoe_overflow_24_doors,
          minmay_temple_entry_nine_rooms, kennysheep_crisscross,
          minmay_misc_feat_chi, lightli_minifort, uniq_ijyb, uniq_menkaure
D:5:      layout_basic, elyvilon_altar_4, nicolae_ossuary_entry_catacombs,
          minmay_misc_feat_pillars, chequers_avenue,
          minmay_shop_enchanted_jewellery
D:6:      layout_loops_cross, kennysheep_mini_moat,
          mainiacjoe_overflow_small_starburst,
          yredelemnul_forgotten_temple_becter, old_standard_altar,
          gup_sewer_entry_bowl, serial_shops, nicolae_shop_behind_doors
D:7:      layout_layer_cave, gammafunk_temple_overflow_pools, serial_shops,
          shop, minmay_door_square, uniq_pikel, uniq_prince_ribbit1
D:8:      cheibrodos_iron_armory, layout_rooms, nicolae_ru_path_of_blood,
          serial_co_window_serial, co_window_corner_a, co_window_corner_a,
          co_window_corner_a, co_window_paths_a, co_window_paths_a,
          co_window_corner_a, co_window_cross_1, co_window_2corner,
          co_window_unsneaky_path_d, co_window_unsneaky_path_c,
          co_window_cross_2, glass_columns_b, grunt_ministairs_8, uniq_joseph,
          uniq_gastronok

Skill      XL: |  1  2  3  4  5  6  7  8  9 |
---------------+----------------------------+-----
Staves         | 4 5 6 7 8 |  8.0
Invocations    | 2 3 5 7 10 11 | 11.0
Fighting       | 4 |  4.5
Throwing       | |  2.4
Dodging        | |  3.6

Action                   |  1- 3 |  4- 6 |  7- 9 || total
-------------------------+-------+-------+-------++-------
Melee: Quarterstaff      |    72 |   152 |   254 ||   478
       Great sword       |       |       |    12 ||    12
Invok: Draw Destruction  |       |       |     2 ||     2
  Use: Scroll            |       |     2 |    14 ||    16
Armor: Leather armour    |    40 |    41 |   154 ||   235
Dodge: Dodged            |    61 |    78 |   173 ||   312

Table legend: (Time is in decaauts)
 A = Elapsed time spent in this place.
 B = Non-inter-level travel time spent in this place.
 C = Inter-level travel time spent in this place.
 D = Time resting spent in this place.
 E = Time spent auto-exploring this place.
 F = Levels seen in this place.
 G = Mean time per level.
                   A        B        C        D        E       F      G
               +--------+--------+--------+--------+--------+-----+--------+
         Total |   2538 |   2407 |    131 |     28 |   1007 |   9 |  282.0 |
       Dungeon |   2191 |   2060 |    131 |     28 |    949 |   8 |  273.9 |
         Sewer |    347 |    347 |      0 |      0 |     57 |   1 |  347.0 |
               +--------+--------+--------+--------+--------+-----+--------+

Top non-repeatable levels by time:
     D:3: 515 daAuts
     D:6: 412 daAuts
   Sewer: 347 daAuts
     D:2: 316 daAuts
     D:1: 316 daAuts
     D:4: 260 daAuts
     D:5: 158 daAuts
     D:7: 123 daAuts
     D:8: 88 daAuts
